 Dungeon Crawl Stone Soup version 0.20.1-1-g8b1a95d (webtiles) character file.

17 letownia2 the Grave Robber (level 2, 7/22 HPs)
             Began as a Deep Dwarf Necromancer on Dec 16, 2017.
             Quit the game in the Ecumenical Temple.
             The game lasted 00:01:31 (613 turns).

letownia2 the Grave Robber (Deep Dwarf Necromancer)  Turns: 613, Time: 00:01:31

Health: 7/22       AC:  2    Str: 11    XL:     2   Next: 44%
Magic:  5/5        EV: 12    Int: 15    God:
Gold:   29         SH:  0    Dex: 13    Spells: 4/5 levels left

rFire    . . .     SeeInvis .   (no weapon)
rCold    . . .     Gourm    .   (no shield)
rNeg     . . .     Faith    .   a - +0 robe
rPois    .         Spirit   .   (no helmet)
rElec    .         Reflect  .   (no cloak)
rCorr    .         Harm     .   (no gloves)
MR       .....                  (no boots)
Stlth    ++........             (no amulet)
Regen    0.0/turn               (no ring)
MPRegen  0.1/turn               (no ring)

@: non-regenerating
A: damage resistance, heal wounds, sense surroundings 1, no regeneration
a: Heal Wounds


You were in the Ecumenical Temple.
You were not hungry.

You visited 2 branches of the dungeon, and saw 5 of its levels.

You collected 29 gold pieces.

Inventory:

Missiles
 d - 13 bolts
Armour
 a - a +0 robe (worn)
 g - a +0 scale mail
Scrolls
 e - a scroll of enchant weapon {unknown}
Books
 b - a book of Necromancy

   Spells                             Type                      Level
   a - Pain                           Necromancy                   1
   b - Animate Skeleton               Necromancy                   1
   c - Vampiric Draining              Necromancy                   3
   d - Regeneration                   Charms/Necromancy            3
   e - Animate Dead                   Necromancy                   4
   f - Control Undead                 Necromancy                   4
Comestibles
 c - a bread ration
 f - a chunk of flesh


   Skills:
 - Level 2.1 Dodging
 - Level 2.4 Stealth
 - Level 2.1 Spellcasting
 + Level 4.9 Necromancy


You had 4 spell levels left.
You knew the following spells:

 Your Spells              Type           Power        Failure   Level  Hunger
a - Pain                  Necr           ###.         2%          1    #......


Dungeon Overview and Level Annotations

Branches:
Dungeon (4/15)             Temple (1/1) D:4

Altars:
Dithmenos
Elyvilon
Fedhas
Hepliaklqana
Qazlal
Ru
Sif Muna
Vehumet
Zin

Annotations:
D:4 exclusion: skeleton


Innate Abilities, Weirdness & Mutations

You are resistant to damage.
You can heal yourself by infusing magical energy.
You passively map a small area around you.
You do not regenerate.


Message History

Found 10 gold pieces and a rapier.
There is a staircase to the Ecumenical Temple here.
You climb downwards.
Welcome to the Ecumenical Temple!
There is a staircase back to the Dungeon here.
There is a staircase back to the Dungeon here.
You open the gate.
Found a glowing silver altar of Zin and a shadowy altar of Dithmenos.
Found a stormy altar of Qazlal and a white marble altar of Elyvilon.
There is an open gate here.
Found a deep blue altar of Sif Muna.
Found a sacrificial altar of Ru and a radiant altar of Vehumet.
There is a shadowy altar of Dithmenos here.
Found a blossoming altar of Fedhas and a hazy altar of Hepliaklqana.
Are you sure you want to abandon this character and quit the game? (Confirm with "yes".)
Okay, then.
You aren't carrying any pieces of jewellery.
Unknown command.
Wear which item? (? for menu, Esc to quit)
Okay, then.
Are you sure you want to abandon this character and quit the game? (Confirm with "yes".)

≈≈≈≈≈≈≈.....PP.............♣≈≈≈≈≈
≈≈≈≈≈≈.......P...............≈≈≈≈
≈≈≈≈≈....<....#######.........≈≈≈
≈≈≈≈........###.....###.......≈≈≈
≈≈≈P......###....._...###......≈≈
≈≈≈......##..._.........##.......
≈≈≈......#.._........_...'.....P≈
≈≈≈......#.....⌠._.......'.......
≈≈.......#.._...@...._...'.P....≈
≈≈≈......##..._.........##P.....≈
≈≈≈.......###....._...###.......≈
≈≈≈≈......, ###.....### ......≈≈
≈ ,, ####### .....≈≈≈ , , ,,
...≈≈≈≈ , , , , , , ≈ ,


There were no monsters in sight!

Vanquished Creatures
  2 dart slugs
  A goblin (D:3)
  2 hobgoblins
  4 jackals
  A ball python (D:2)
  A bat (D:1)
  A rat (D:1)
12 creatures vanquished.

Notes
Turn   | Place    | Note
-------+----------+-------------------------------------------
     0 | D:1      | letownia2 the Deep Dwarf Necromancer began the quest for the Orb.
     0 | D:1      | Reached XP level 1. HP: 15/15 MP: 3/3
    94 | D:1      | You fall through a shaft!
   281 | D:3      | Reached XP level 2. HP: 7/22 MP: 0/5
   558 | D:4      | Found a staircase to the Ecumenical Temple.
   580 | Temple   | Entered the Ecumenical Temple
   613 | Temple   | Quit the game

Skill      XL: |  1 |
---------------+----+-----
Spellcasting   | 2 |  2.1
Dodging        | |  2.1
Stealth        | |  2.4
Necromancy     | |  4.9

Action                   || total
-------------------------++-------
Melee: Unarmed           ||    14
 Cast: Pain              ||    30
Armor: Robe              ||     7
Dodge: Dodged            ||    11
